 Dungeon Crawl Stone Soup version 0.23-a0-455-ge12115f (webtiles) character file.

133 Dfrag the Firebug (level 5, -7/42 HPs)
             Began as a Naga Fire Elementalist on Nov 25, 2018.
             Mangled by Natasha (8 damage)
             ... on level 2 of the Dungeon.
             The game lasted 00:02:45 (1401 turns).

Dfrag the Firebug (Naga Fire Elementalist)          Turns: 1401, Time: 00:02:46

Health: -7/42      AC:  2    Str: 11    XL:     5   Next: 16%
Magic:  0/9        EV: 10    Int: 16    God:
Gold:   97         SH:  0    Dex: 11    Spells: 9/10 levels left

rFire    . . .     SeeInvis +   e - +0 dagger (venom)
rCold    . . .     Gourm    .   (no shield)
rNeg     . . .     Faith    .   a - +0 robe
rPois    +         Spirit   .   (no helmet)
rElec    .         Reflect  .   (no cloak)
rCorr    .         Harm     .   (no gloves)
MR       .....                  (no barding)
Stlth    ++........             (no amulet)
HPRegen  0.14/turn              (no ring)
MPRegen  0.11/turn              (no ring)

@: short of breath, very slow
A: large, see invisible, deformed body, poison resistance, slowness 2, slow
metabolism 1, spit poison 1, AC +1
a: Spit Poison


You were on level 2 of the Dungeon.
You were hungry.

You visited 1 branch of the dungeon, and saw 2 of its levels.

You collected 97 gold pieces.

Inventory:

Hand Weapons
 e - a +0 dagger of venom (weapon)
 l - a +0 club
Armour
 a - a +0 robe (worn)
 m - a +0 helmet
Scrolls
 b - a scroll of remove curse {unknown}
 f - 2 scrolls of amnesia {unknown}
 g - 3 scrolls of identify {unknown}
 i - a scroll of enchant armour {unknown}
 k - a scroll of magic mapping {unknown}
 n - 2 scrolls of enchant weapon {unknown}
 o - a scroll of blinking {unknown}
Potions
 d - a potion of curing
 h - a potion of agility {unknown}
 p - a potion of haste {unknown}
Comestibles
 c - 7 rations


   Skills:
 - Level 1.5 Dodging
 - Level 3.0 Stealth
 + Level 3.1 Spellcasting
 + Level 2.8 Conjurations
 + Level 4.0 Fire Magic


You had 9 spell levels left.
You knew the following spells:

 Your Spells              Type           Power        Failure   Level  Hunger
a - Flame Tongue          Conj/Fire      ##...        4%          1    None

Your spell library contained the following spells:

 Spells                   Type           Power        Failure   Level  Hunger
 Throw Flame              Conj/Fire      ##....       7%          2    ##.....
 Conjure Flame            Conj/Fire      ##......     13%         3    ###....
 Inner Flame              Hex/Fire       #.......     24%         3    ###....
 Sticky Flame             Conj/Fire      ##......     41%         4    ####...
 Fireball                 Conj/Fire      ##........   77%         5    ######.


Dungeon Overview and Level Annotations

Branches:
Dungeon (2/15)

Altars:

Annotations:
D:2 Natasha


Innate Abilities, Weirdness & Mutations

You cannot wear boots.
Your serpentine skin is tough. (AC +1)
You have supernaturally acute eyesight. (SInv)
Armour fits poorly on your strangely shaped body.
Your system is resistant to poisons. (rPois)
You cover ground very slowly.
You have a slow metabolism.
You can spit poison.


Message History

Unknown command.
You can't do that yet.
Unknown command.
Unknown command.
Casting: Flame Tongue (safe; 4% risk of failure)
Confirm with . or Enter, or press ? or * to list all spells.
Aiming: Flame Tongue (safe; 4% risk of failure)
Press: ? - help, Shift-Dir - straight line, f/p - Natasha
Aim: Natasha (heavily wounded)
The flame tongue hits Natasha.
Natasha is severely wounded.
You have got your breath back.
Natasha closely misses you.
Unknown command.
Press: ? - help, Shift-Dir - straight line, f/p - Natasha
Aim: Natasha (severely wounded)
The splash of poison hits Natasha.
Natasha is poisoned.
Natasha is severely wounded.
You feel slightly more hungry. Natasha claws you!
You die...

.# #..###.# #.# #.# #.#
.# #.(....# #.# #.# #.#
## #..##### #.# #.#
#.## #..# #.# #.# #...
#########..#######.#
#.# ####
####.........[........#
#.#
........####.##########
#.###
....#.........).#######
#...# #
###..##.####....@h....#
###.# # .###.##.#
#..#.#####.# #.#####
..##.##.# #......
#.##... ...#.##.#
#..#.#.# #.##)##
..⌠#..#.# #.....[..
#.##.## ...#..#.#
##.#.#.##. #....##
..##....# #.....# .
####### .###.#..# #.#.#
# ###..#..#


You could see Natasha.

Vanquished Creatures
  An orc priest (D:2)
  Robin (D:2)
  An adder (D:2)
  An ooze (D:1)
  A worm (D:2)
  2 dart slugs (D:1)
  2 leopard geckos
  4 orcs (D:2)
  2 giant cockroaches (D:1)
  16 goblins
  5 hobgoblins
  8 jackals
  6 kobolds
  3 bats (D:1)
  5 frilled lizards
  3 rats
61 creatures vanquished.

Notes
Turn   | Place    | Note
-------+----------+-------------------------------------------
     0 | D:1      | Dfrag the Naga Fire Elementalist began the quest for the
                  | Orb.
     0 | D:1      | Reached XP level 1. HP: 15/15 MP: 3/3
    60 | D:1      | Reached XP level 2. HP: 8/22 MP: 0/5
   256 | D:1      | Reached XP level 3. HP: 27/28 MP: 6/6
   837 | D:2      | Reached XP level 4. HP: 35/36 MP: 6/8
   920 | D:2      | Noticed Robin
   932 | D:2      | Killed Robin
  1256 | D:2      | Reached skill level 4 in Fire Magic
  1256 | D:2      | Reached XP level 5. HP: 19/42 MP: 2/9
  1386 | D:2      | Noticed Natasha
  1399 | D:2      | HP: 1/42 [Natasha (8)]
  1401 | D:2      | Mangled by Natasha

Vault maps used:
D:1:      dpeg_arrival_round_c
D:2:      cheibrodos_pilgrimage, uniq_natasha, uniq_robin

Skill      XL: |  1  2  3  4 |
---------------+-------------+-----
Conjurations   | 2 |  2.8
Spellcasting   | 3 |  3.1
Fire Magic     | 4 |  4.0
Dodging        | |  1.5
Stealth        | |  3.0

Action                   |  1- 3 |  4- 6 || total
-------------------------+-------+-------++-------
Melee: Unarmed           |    12 |       ||    12
       Dagger            |     3 |    12 ||    15
 Cast: Flame Tongue      |    28 |    40 ||    68
 Abil: Spit Poison       |    25 |    13 ||    38
 Stab: Sleeping          |     1 |       ||     1
  Eat: Chunk             |     1 |     2 ||     3
Armor: Robe              |    10 |       ||    10
Dodge: Dodged            |    34 |    21 ||    55

Table legend:
 A = Non-vault XP
 B = Vault XP
 C = Vault XP percentage of total XP
 D = Non-vault monster count
 E = Vault monster count
 F = Vault count percentage of total count
                 A         B        C        D         E       F
            +---------+---------+-------+---------+---------+-------
      Total |     103 |      88 |  46.1 |      45 |      16 |  26.2
            +---------+---------+-------+---------+---------+-------
        D:1 |      55 |       0 |   0.0 |      26 |       0 |   0.0
        D:2 |      48 |      88 |  64.7 |      19 |      16 |  45.7
            +---------+---------+-------+---------+---------+-------
